 Dungeon Crawl Stone Soup version 0.28-a0-664-gc179e30c89 (webtiles) character file.

Game seed: 10092653062570800756

8322 timneilson the Blocker (level 11, -4/67 HPs)
             Began as a Gargoyle Fighter on Oct 17, 2021.
             Was a Priest of Okawaru.
             Killed from afar by a fire dragon (18 damage)
             ... with a blast of flame
             ... on level 10 of the Dungeon.
             The game lasted 00:21:10 (11934 turns).

timneilson the Blocker (Gargoyle Fighter)          Turns: 11934, Time: 00:21:11

Health: -4/67      AC: 27    Str: 23    XL:     11   Next: 29%
Magic:  9/11       EV: 11    Int:  9    God:    Okawaru [***...]
Gold:   611        SH:  7    Dex:  9    Spells: 10/10 levels left

rFire   . . .      SeeInvis .   d - +2 long sword (flame)
rCold   + . .      Faith    .   c - +0 buckler
rNeg    + . .      Spirit   .   l - +0 chain mail
rPois   ∞          Reflect  .   g - +2 helmet
rElec   +          Harm     .   t - +1 cloak
rCorr   +          Rampage  .   (no gloves)
Will    .....                   (no boots)
Stlth   ..........              (no amulet)
HPRegen 0.21/turn               j - ring of protection from cold
MPRegen 0.12/turn               k - ring of resist corrosion

@: about to teleport, heroic
A: sickness immunity, AC +8, negative energy resistance 1, electricity
resistance, torment resistance 1, petrification resistance
a: Renounce Religion, Heroism


You were on level 10 of the Dungeon.
You worshipped Okawaru.
Okawaru was most pleased with you.
You visited 2 branches of the dungeon, and saw 11 of its levels.
You also visited: Sewer.

You collected 611 gold pieces.

Inventory:

Hand Weapons
 d - a +2 long sword of flaming (weapon)
Armour
 c - a +0 buckler (worn)
 g - a +2 helmet (worn)
 l - a +0 chain mail (worn)
 t - a +1 cloak (worn)
 w - a +0 plate armour
Jewellery
 b - a ring of protection from cold
 j - a ring of protection from cold (left hand)
 k - a ring of resist corrosion (right hand)
 y - a ring of positive energy
Wands
 o - a wand of iceblast (9)
 p - a wand of acid (5)
Scrolls
 f - 2 scrolls of magic mapping
 i - a scroll of teleportation
 q - a scroll of enchant armour
 r - a scroll of amnesia {unknown}
 v - 2 scrolls of identify
Potions
 a - 2 potions of flight
 e - a potion of curing
 h - a potion of cancellation
 m - a potion of invisibility
 n - a potion of attraction
 s - a potion of lignification
 u - a potion of brilliance {unknown}
 x - a potion of might


   Skills:
 + Level 7.1(12.1) Fighting
 * Level 7.6(12.6) Long Blades
 * Level 9.6(14.6) Armour
 + Level 4.7(9.7) Dodging
 * Level 9.6(14.6) Shields
 + Level 4.9 Evocations


You had 10 spell levels left.
You didn't know any spells.
Your spell library contained the following spells:

 Spells                   Type           Power      Damage    Failure   Level
 Freeze                   Ice            0%         1d3       88%         1
 Magic Dart               Conj           0%         1d3       88%         1
 Frozen Ramparts          Ice            0%         1d2       99%         3
 Mephitic Cloud           Conj/Pois/Air  0%         N/A       99%         3
 Portal Projectile        Hex/Tloc       0%         N/A       99%         3
 Hailstorm                Conj/Ice       0%         3d3       100%        4
 Petrify                  Tmut/Erth      0%         N/A       100%        4
 Blade Hands              Tmut           0%         N/A       100%        5
 Excruciating Wounds      Necr           0%         N/A       100%        5
 Irradiate                Conj/Tmut      0%         3d13      100%        5
 Call Imp                 Summ           Unusable   N/A       N/A         2
 Sublimation of Blood     Necr           Unusable   N/A       N/A         2

Dungeon Overview and Level Annotations

Branches:
Dungeon (10/15)            Temple (1/1) D:7           Sewer (visited)
   Lair: D:8-11         Orc: D:9-12

Altars:
Ashenzari
Cheibriados
Dithmenos
Elyvilon
Fedhas
Gozag
Hepliaklqana
Kikubaaqudgha
Makhleb
Nemelex Xobeh
Okawaru
Qazlal
Ru
Sif Muna
Trog
Uskayaw
Vehumet
Wu Jian
Xom
Yredelemnul
Zin
The Shining One

Shops:
D:5 !   D:6 *   D:8 :

Annotations:
D:2 1 runed translucent door, Crazy Yiuf


Innate Abilities, Weirdness & Mutations

You are immune to sickness and miasma.
Your stone body is resilient. (AC +8)
You are immune to poison.
You resist negative energy. (rN+)
You are resistant to electric shocks. (rElec)
You are resistant to unholy torment.
You are immune to petrification.


Message History

The centaur warrior hits you but does no damage.
The centaur warrior misses you.
You feel better. You block the centaur warrior's attack.
The centaur warrior kicks you but does no damage.
The centaur warrior barely misses you.
The centaur warrior kicks you but does no damage.
You slash the centaur warrior! You burn the centaur warrior.
The centaur warrior is severely wounded.
You hear a deafening roar!
The centaur warrior barely misses you. You block the centaur warrior's attack.
You hit the centaur warrior but do no damage.
The centaur warrior is severely wounded.
The centaur warrior hits you!
* * * LOW HITPOINT WARNING * * *
The centaur warrior misses you.
You barely miss the centaur warrior.
The centaur warrior is severely wounded.
The centaur warrior hits you but does no damage.
The centaur warrior kicks you but does no damage.
You block the centaur warrior's attack.
The centaur warrior kicks you but does no damage.
You slash the centaur warrior! You burn the centaur warrior.
The centaur warrior is almost dead.
You hear a deafening roar!
The centaur warrior hits you but does no damage.
The centaur warrior kicks you but does no damage.
You closely miss the centaur warrior.
The centaur warrior is almost dead.
The centaur warrior hits you.
* * * LOW HITPOINT WARNING * * *
The centaur warrior kicks you but does no damage.
You slash the centaur warrior! You burn the centaur warrior.
You kill the centaur warrior!
Okawaru is honoured by your kill.
A fire dragon comes into view.
As you read the scroll of teleportation, it crumbles to dust.
You feel strangely unstable. The fire dragon breathes flames at you.
The blast of flame hits you!!
You die...

#.# #.# #.# ###
#.###.# #.....#
###.### ##...#
#....####
#.....#@#
#.###..#D# #.#
####.# #.# ##
########.#######
#...............
#.###.##########
#.###..###########
#.................
...#


You could see a fire dragon (catching breath).

Vanquished Creatures
  A centaur warrior (D:10)
  3 two-headed ogres
  2 deep elf pyromancers (D:9)
  Maggie (D:6)
  A troll (D:10)
  A wraith (D:10)
  A shadow (D:7)
  3 yaks (D:10)
  Edmund (D:6)
  An acid dragon (D:9)
  A water moccasin (D:6)
  2 orc warriors
  An ice beast (D:6)
  A sky beast (D:7)
  2 black bears (D:5)
  An ogre (D:7)
  2 centaurs
  3 phantoms
  2 kobold brigands
  Blork the orc (D:6)
  5 bullfrogs
  4 scorpions
  A wyvern skeleton (D:5)
  4 killer bees (D:9)
  10 wights
  2 howler monkeys
  3 centaur zombies
  4 hounds
  An orc priest (D:3)
  A bullfrog skeleton (D:7)
  2 centaur skeletons
  A jelly (D:6)
  2 iguanas
  3 orc wizards
  Ijyb (D:4)
  10 adders
  A white imp (D:8)
  2 ufetubi (D:5)
  A worm (D:2)
  A dart slug (D:4)
  23 orcs
  6 bats
  8 endoplasms
  13 giant cockroaches
  9 goblins
  6 hobgoblins
  5 quokkas
  6 ball pythons
  9 frilled lizards
  21 kobolds
  9 rats
205 creatures vanquished.

Vanquished Creatures (others)
  A fungus (D:2)
1 creature vanquished.

Grand Total: 206 creatures vanquished

Notes
Turn   | Place    | Note
-------+----------+-------------------------------------------
     0 | D:1      | timneilson the Gargoyle Fighter began the quest for the
                  | Orb.
     0 | D:1      | Reached XP level 1. HP: 14/14 MP: 1/1
   368 | D:1      | Reached XP level 2. HP: 19/19 MP: 2/2
  1384 | D:2      | Reached XP level 3. HP: 23/23 MP: 3/3
  1519 | D:2      | Found a faded altar of an unknown god.
  1987 | D:2      | Reached XP level 4. HP: 16/28 MP: 4/4
  2455 | D:2      | Found a runed translucent door.
  2456 | D:2      | Noticed Crazy Yiuf
  2520 | D:3      | Reached skill level 1 in Dodging
  2818 | D:3      | Found a basalt altar of Yredelemnul.
  2819 | D:3      | Found a hide-covered altar of Uskayaw.
  2835 | D:3      | Found a stormy altar of Qazlal.
  2835 | D:3      | Found a broken altar of Ashenzari.
  2858 | D:3      | Reached XP level 5. HP: 33/33 MP: 5/5
  3525 | D:4      | Found a glowing drain.
  3529 | Sewer    | Entered a sewer
  3815 | Sewer    | Reached XP level 6. HP: 35/38 MP: 6/6
  4213 | D:4      | Reached skill level 1 in Evocations
  4399 | D:4      | Reached skill level 5 in Armour
  4399 | D:4      | Reached XP level 7. HP: 43/43 MP: 7/7
  4557 | D:4      | Reached skill level 5 in Shields
  4742 | D:5      | Entered Level 5 of the Dungeon
  4753 | D:5      | Noticed Ijyb
  4786 | D:4      | Killed Ijyb
  5381 | D:5      | HP: 2/44 [wyvern skeleton (9)]
  5984 | D:5      | Found Emmuh's Distillery.
  6069 | D:5      | Reached XP level 8. HP: 45/48 MP: 8/8
  6437 | D:6      | Noticed Edmund
  6451 | D:6      | Killed Edmund
  6659 | D:6      | Found Reirph's Assorted Antiques.
  6811 | D:6      | Reached skill level 5 in Fighting
  6856 | D:6      | Noticed Maggie
  6856 | D:6      | Noticed Blork the orc
  6864 | D:6      | Killed Blork the orc
  6875 | D:6      | Killed Maggie
  6876 | D:6      | Reached skill level 5 in Long Blades
  6876 | D:6      | Reached XP level 9. HP: 22/54 MP: 9/9
  7203 | D:6      | Found a shimmering blue altar of Sif Muna.
  8351 | D:7      | Found a staircase to the Ecumenical Temple.
  8358 | Temple   | Entered the Ecumenical Temple
  8658 | Temple   | Became a worshipper of Warmaster Okawaru
  9396 | D:8      | Noticed a death knight
  9853 | D:8      | Found Fuareos's Book Boutique.
 10138 | D:9      | Noticed a deep elf pyromancer
 10139 | D:9      | Noticed a deep elf pyromancer
 10142 | D:9      | Noticed a two-headed ogre
 10144 | D:9      | Killed a deep elf pyromancer
 10144 | D:9      | Reached * piety under Okawaru
 10145 | D:9      | Reached XP level 10. HP: 47/60 MP: 10/10
 10150 | D:9      | Killed a deep elf pyromancer
 10157 | D:9      | Killed a two-headed ogre
 10157 | D:9      | Reached ** piety under Okawaru
 10333 | D:9      | Identified the +3 whip of the Dancing Fox {spect, rElec}
 10994 | D:9      | Noticed a two-headed ogre
 11009 | D:9      | Killed a two-headed ogre
 11334 | D:10     | Entered Level 10 of the Dungeon
 11372 | D:10     | Reached *** piety under Okawaru
 11601 | D:10     | Reached XP level 11. HP: 59/66 MP: 11/11
 11861 | D:10     | Found a glowing golden altar of the Shining One.
 11909 | D:10     | Noticed a two-headed ogre
 11921 | D:10     | Killed a two-headed ogre
 11921 | D:10     | Noticed a centaur warrior
 11933 | D:10     | Killed a centaur warrior
 11933 | D:10     | Noticed a fire dragon
 11934 | D:10     | Killed from afar by a fire dragon

Illustrated notes

Levels and vault maps discovered:
D:1:      dpeg_arrival_brainrot, layout_loops_corners
D:2:      layout_basic, hellmonk_ecumenical_altar_blasted,
          uniq_crazy_yiuf_cottage
D:3:      layout_loops_cross, grunt_temple_overflow_open
D:4:      layout_gridville, gup_sewer_entry_bowl
D:5:      minmay_recursive_quarters, layout_cave_pools, serial_shops,
          kennysheep_little_box, uniq_ijyb
D:6:      layout_loops_ring, lemuel_crystal_altar, serial_shops, shop_fountains,
          uniq_maggie, uniq_blork_the_orc, uniq_edmund
D:7:      layout_basic, temple_green
D:8:      layout_basic, serial_shops, shop, feat_on_display
D:9:      minmay_cornered_nines, layout_cave_pods, serial_bayou_crossing
D:10:     minmay_chopped_fan, layout_loops_ring, lemuel_doored_altar,
          uniq_nergalle
Temple:   minmay_temple_bridge_d

Skill      XL: |  1  2  3  4  5  6  7  8  9 10 11 |
---------------+----------------------------------+-----
Long Blades    | 2 3 4 5 6 7 |  7.6
Armour         | 4 5 6 8 9 |  9.6
Dodging        | 1 2 3 4 |  4.7
Shields        | 4 5 6 8 9 |  9.6
Fighting       | 4 5 6 7 |  7.1
Evocations     | 1 2 3 4 |  4.9

Action                   |  1- 3 |  4- 6 |  7- 9 | 10-12 || total
-------------------------+-------+-------+-------+-------++-------
Melee: Long sword        |   129 |   231 |   418 |   188 ||   966
Invok: Heroism           |       |       |       |     4 ||     4
  Use: Scroll            |     4 |     4 |     5 |     5 ||    18
       Potion            |       |     1 |     4 |     2 ||     7
Armor: Scale mail        |    77 |    34 |       |       ||   111
       Chain mail        |       |   149 |   285 |   115 ||   549
Dodge: Dodged            |    64 |    94 |   201 |   101 ||   460
Block: Buckler           |    24 |    52 |   115 |    75 ||   266

Table legend: (Time is in decaauts)
 A = Elapsed time spent in this place.
 B = Non-inter-level travel time spent in this place.
 C = Inter-level travel time spent in this place.
 D = Time resting spent in this place.
 E = Time spent auto-exploring this place.
 F = Levels seen in this place.
 G = Mean time per level.
                   A        B        C        D        E       F      G
               +--------+--------+--------+--------+--------+-----+--------+
         Total |  12212 |  11793 |    419 |   1009 |   8173 |  12 | 1017.7 |
       Dungeon |  11086 |  10814 |    272 |    923 |   7635 |  10 | 1108.6 |
        Temple |    372 |    225 |    147 |      0 |    214 |   1 |  372.0 |
         Sewer |    753 |    753 |      0 |     86 |    323 |   1 |  753.0 |
               +--------+--------+--------+--------+--------+-----+--------+

Top non-repeatable levels by time:
     D:7: 1815 daAuts
     D:1: 1398 daAuts
     D:5: 1359 daAuts
     D:9: 1284 daAuts
     D:6: 1212 daAuts
     D:2: 1145 daAuts
     D:4: 1021 daAuts
     D:3: 840 daAuts
   Sewer: 753 daAuts
    D:10: 603 daAuts
     D:8: 403 daAuts
  Temple: 372 daAuts
